cohdb
Replays
Latest Replays
All Replays
Popular Replays
Top Player Replays
Match Explorer
How It Works
Community
CoH3 Stats
Reddit
Sign in to upload your games and track your stats! →
Sign in with Steam
Match 42215483
Unlisted
Match 42215483
Overview
Messages
Build Orders
End
Kradschützen Motorcycle Team
Panzerpioneer Squad
Selects Panzerjäger Kommand Battlegroup
Panzergrenadier Squad
Panzergrenadier Squad
Construct Light Support Kompanie
Assault Grenadier Squad
2.5-tonne Medical Truck
Selects Mine Fields
Selects Defensive Positions
Fire Support Elements
250 Light Carrier
Construct Mechanized Kompanie
Construct Panzerarmee Kommand
Selects Butterfly Bomb Drop
Panzerjäger Mechanized Group
BIOHAZARD
Emspan
0
0
Comments
sign in to comment!
No comments posted yet!